 Dungeon Crawl Stone Soup version 0.32-a0-314-g526f7d4993 (webtiles) character file.

Game seed: 8817465524182857865

89686 Amplified the Dwarven Disaster (level 15, -14/134 HPs)
             Began as a Mountain Dwarf Fighter on Feb 16, 2024.
             Was a Believer of Qazlal.
             Demolished by a skyshark (23 damage)
             ... on level 5 of the Lair of Beasts.
             The game lasted 00:41:07 (21474 turns).

Amplified the Dwarven Disaster (MDFi)              Turns: 21474, Time: 00:41:07

Health: -14/134    AC: 25    Str: 24    XL:     15   Next: 50%
Magic:  18/28      EV:  8    Int: 11    God:    Qazlal [**....]
Gold:   613        SH: 12    Dex:  9    Spells: 26/32 levels left

rFire   . . .        D - +2 whip (elec)
rCold   + + .        c - +0 buckler
rNeg    + . .        y - +3 chain mail {rC+}
rPois   +            v - +0 helmet
rElec   .            d - +2 cloak
rCorr   .            f - +1 pair of gloves
SInv    .            M - +2 pair of boots
Will    +++..        A - amulet of Charity {Reflect rPois Will+ SH+5} Stlth
                     o - ring of positive energy
HPRegen 0.42/turn    q - ring of protection from cold
MPRegen 0.21/turn

%: reflection
@: enlightened, flying
A: runic magic, artefact enchanting
a: Renounce Religion, Upheaval


You were on level 5 of the Lair of Beasts.
You worshipped Qazlal.
Qazlal was pleased with you.
You visited 3 branches of the dungeon, and saw 22 of its levels.
You visited 1 bazaar.

You collected 1702 gold pieces.
You spent 1089 gold pieces at shops.

Inventory:

Hand Weapons
 u - the +12 glaive of Prune {freeze, Prune}
   (You found it on level 12 of the Dungeon)

   Prune:     It halves damage taken while paralysed, petrified or unconscious.
 x - a +2 flail of holy wrath
 D - a +2 whip of electrocution (weapon)
Missiles
 a - 5 silver javelins (quivered)
 g - 70 poisoned darts
Armour
 c - a +0 buckler (worn)
 d - a +2 cloak (worn)
 f - a +1 pair of gloves (worn)
 i - a +2 leather armour of fire resistance
 v - a +0 helmet (worn)
 y - a +3 chain mail of cold resistance (worn)
 M - a +2 pair of boots (worn)
Magical Staves
 Q - the staff "Takhluts" {rC+ rN+ Dex+2 Necro}
   (You found it on level 4 of the Lair of Beasts)

   [staff of death]

   Base accuracy: +5 Base damage: 5 Base attack delay: 1.2 This weapon's minimum
   attack delay (0.6) is reached at skill level 12.
   Dex+2:     It affects your dexterity (+2).
   rC+:       It protects you from cold.
   rN+:       It protects you from negative energy.
   Necro:     It increases the power of your Necromancy spells.
   It falls into the 'Staves' category.
   It is a one-handed weapon.
Jewellery
 o - a ring of positive energy (left hand)
 p - a ring of flight
 q - a ring of protection from cold (right hand)
 A - the amulet of Charity (around neck) {Reflect rPois Will+ SH+5}
   (You found it on level 8 of the Dungeon)

   [amulet of reflection]

   Reflect:   It reflects blocked missile attacks.
   rPois:     It protects you from poison Will+: It increases your willpower.
   SH+5:      It affects your SH (+5).
Talismans
 j - a beast talisman
Wands
 l - a wand of roots (12)
 E - a wand of polymorph (10)
 F - a wand of mindburst (8)
 J - a wand of flame (6)
Scrolls
 b - a scroll of revelation
 k - 3 scrolls of fog
 m - a scroll of torment
 s - 9 scrolls of enchant weapon
 z - 3 scrolls of amnesia
 K - 5 scrolls of identify
 O - a scroll of vulnerability
 P - a scroll of silence
Potions
 n - 6 potions of mutation
 r - a potion of magic
 t - a potion of resistance
 G - a potion of attraction
 I - a potion of enlightenment
 N - a potion of degeneration


   Skills:
 * Level 12.5 Fighting
 - Level 13.8 Maces & Flails
 + Level 9.6 Armour
 - Level 6.2 Shields
 * Level 9.0 Spellcasting
 - Level 7.7 Ice Magic
 * Level 4.7 Air Magic
 * Level 5.1 Alchemy
 * Level 16.6 Invocations


You had 26 spell levels left.
You knew the following spells:

 Your Spells              Type           Power      Damage    Failure   Level
a - Frozen Ramparts       Ice            44%        1d7       3%          3
b - Mephitic Cloud        Conj/Alch/Air  12%        N/A       19%         3

Your spell library contained the following spells:

 Spells                   Type           Power      Damage    Failure   Level
 Mercury Vapours          Alch/Air       30%        N/A       4%          2
 Cigotuvi's Dreadful Rot  Necr/Alch/Air  24%        N/A       10%         2
 Static Discharge         Conj/Air       20%        3-4/arc   14%         2
 Slow                     Hex            16%        N/A       24%         1
 Sublimation of Blood     Necr           4%         N/A       34%         2
 Confusing Touch          Hex            4%         N/A       56%         3
 Sigil of Binding         Hex            4%         N/A       56%         3
 Vampiric Draining        Necr           4%         2d6       56%         3
 Ignite Poison            Fire/Alch      10%        N/A       63%         4
 Leda's Liquefaction      Alch/Erth      5%         N/A       63%         4
 Petrify                  Alch/Erth      10%        N/A       63%         4
 Summon Lightning Spire   Summ/Air       10%        N/A       65%         4
 Freezing Cloud           Conj/Ice/Air   7%         6-21      75%         5
 Metabolic Englaciation   Hex/Ice        6%         N/A       80%         5
 Animate Armour           Summ/Erth      8%         N/A       93%         4
 Irradiate                Conj/Alch      5%         3d13      93%         5
 Lee's Rapid Deconstruct  Erth           2%         3d4*      100%        5
 Summon Forest            Summ/Tloc      2%         N/A       100%        5
 Summon Mana Viper        Hex/Summ       4%         N/A       100%        5
 Summon Cactus Giant      Summ           2%         N/A       100%        6
 Maxwell's Capacitive Co  Air            7%         ∞         100%        8


Dungeon Overview and Level Annotations

Branches:
Dungeon (15/15)            Temple (0/1) D:6            Lair (5/5) D:9
  Snake (0/4) Lair:2        Slime (0/5) Lair:4          Orc (2/2) D:10
 Vaults (0/5) D:14         Depths (0/4) D:15
  Swamp: Lair:2-3    Shoals: Lair:2-3       Elf: Orc:2

Altars:
Ashenzari
Fedhas
Gozag
Kikubaaqudgha
Makhleb
Qazlal
Trog
Wu Jian
Zin
Beogh
Jiyva

Shops:
D:3 :   D:5 ([[*!   D:6 [   D:11 *   D:14 *

Annotations:
D:13 2 transporters
Lair:3 Amaemon; Fannar
Orc:1 3 runed translucent doors, Myschoimp's ghost, journeyman DgFE


Innate Abilities, Weirdness & Mutations

Your spellcasting is much less encumbered by armour.
You can use scrolls of enchantment on lesser artefacts.


Message History

Unknown command.
The elephant is no longer encased in ice.
The elephant attacks as it pursues you! You block the elephant's attack.
The elephant trunk-slaps you.
* * * LOW HITPOINT WARNING * * *
Okay, then.
Okay, then.
You feel better. You block the elephant's attack.
The elephant trunk-slaps you but does no damage.
The elephant tramples you.
* * * LOW HITPOINT WARNING * * *
You stumble backwards!
Unknown command.
The elephant attacks as it pursues you! You block the elephant's attack.
The elephant trunk-slaps you but does no damage.
You feel very buoyant.
You fly up into the air.
The elephant tramples the plant.
The plant begins to die.
The elephant trunk-slaps the plant.
The cane toad stings the plant!!
The elephant tramples the plant!!
The elephant trunk-slaps the plant.
The cane toad stings the plant!
Found a blackened bone amulet.
The skyshark bites you but does no damage.
You block the skyshark's attack. The skyshark barely misses you.
The elephant is engulfed in freezing vapours.
The air fills with toxic fumes!
As you read the scroll of poison, it crumbles to dust.
The skyshark bites you but does no damage.
The skyshark tail-slaps you but does no damage. x2
Found 4 stones.
You block the skyshark's attack.
The skyshark tail-slaps you but does no damage. x2
The skyshark attacks as it pursues you! The skyshark bites you!
* * * LOW HITPOINT WARNING * * *
The skyshark tastes blood and grows stronger!
You block the skyshark's attack. x2
The elephant is engulfed in poison gas.
The elephant is poisoned.
The skyshark is engulfed in poison gas.
The skyshark is poisoned.
The skyshark is engulfed in poison gas.
The skyshark looks even sicker.
The skyshark bites you!!
You die...

,,~~~~~≈≈≈~~#~~~~~~~§§P§..,~*
,,,,~~~~~~≈~~≈~~~~~.§§§§..,**
##*,,,~..~~~~P~.~..§§§§P..,***
..#####~~....~~..Y.§§§P§P.,*,***
......####.~~..~F.F§§§§§##,,,,,*
.............PF~##Y§§§§§.#,,,,,**
..............###§§§§§§§..*,,,,,,
.....†.....#.##§F§§§§§§§..,**,,,,
....†††...####§#@§§§§§§§..,,**,,,
......##.## ##§§§§§§§§§..,,,*,,,
.....<.### #§§§§§§§§§..,,*,,,,
........### #§§§§§§§§§..*,,,,,,
..........#** #§§§§§§§§§..,,,,,,,
....##....#.# #.....(....,,,,*,,,
..###.......#*#.........,,,,**,,,
#....#.......###........,,,***,,,
#(..###........,,,,,,,,,,**,**,,,


You could see a skyshark (strong, very poisoned), an elephant (poisoned) and a
cane toad.

Vanquished Creatures
  Jorgrun (D:13)
  Azrael (D:12)
  An ettin (D:15)
  4 vault guards (D:14)
  3 hydras
  A catoblepas (D:13)
  2 ogre magi (D:12)
  6 centaur warriors
  3 two-headed ogres
  5 boulder beetles
  3 tengu warriors
  Urug (Lair:5)
  A hell knight (D:15)
  A skyshark (Lair:5)
  2 goliath frogs (Lair:5)
  2 arcanists (D:12)
  2 wolf spiders (Lair:1)
  A deep elf zephyrmancer (D:12)
  A necromancer (D:15)
  An orc knight (Orc:1)
  2 deep elf pyromancers
  12 ugly things
  11 cyclopes
  3 elephants (Lair:5)
  A black mamba (Lair:1)
  2 gargoyles
  8 cane toads
  2 kobold demonologists
  An unseen horror (D:11)
  6 komodo dragons
  3 efreet
  5 yaktaurs (D:15)
  3 rime drakes
  4 polar bears
  2 tengu conjurers
  4 trolls
  A polar bear (shapeshifter) (D:14)
  A hornet (D:7)
  Prince Ribbit (D:8)
  15 blink frogs
  13 dream sheep (Lair:4)
  Sigmund (D:3)
  A centaur simulacrum (D:14)
  A shadow (D:12)
  A wraith (D:14)
  3 vampires (D:14)
  A wyvern (D:9)
  22 yaks
  Grum (Lair:1)
  5 fire elementals (D:12)
  10 vampire mosquitoes
  A warg (D:9)
  2 basilisks
  3 steam dragons
  Edmund (D:6)
  4 acid dragons
  9 water moccasins
  A hell hound (D:12)
  A sky beast (D:7)
  A black bear (D:7)
  12 orc warriors
  A crocodile (shapeshifter) (D:15)
  2 ice beasts
  8 ogres
  17 wolves
  9 centaurs
  A phantom (D:7)
  9 kobold brigands
  Blork the orc (D:4)
  A brain worm (shapeshifter) (D:14)
  16 bullfrogs
  2 gnoll sergeants
  3 scorpions
  A scorpion (shapeshifter) (D:13)
  10 killer bees
  A howler monkey (D:5)
  4 orc priests
  A hound (D:5)
  A bombardier beetle (D:5)
  6 jellies
  3 gnoll boudas
  Jessica (D:2)
  Natasha (thrice) (D:3)
  3 iguanas
  7 orc wizards
  25 gnolls
  4 adders
  2 white imps
  5 ribbon worms
  49 orcs
  14 ball pythons
  10 endoplasms
  4 giant cockroaches
  9 hobgoblins
  26 kobolds
  2 quokkas
  12 bats
  6 frilled lizards
  6 goblins
  4 rats
512 creatures vanquished.

Vanquished Creatures (collateral kills)
  A fire elemental (D:12)
  A hell hound (D:12)
2 creatures vanquished.

Vanquished Creatures (others)
  An orc wizard (D:3)
  2 orcs (D:12)
3 creatures vanquished.

Grand Total: 517 creatures vanquished

Notes
Turn   | Place    | Note
-------+----------+-------------------------------------------
     0 | D:1      | Amplified the Mountain Dwarf Fighter began the quest for
                  | the Orb.
     0 | D:1      | Reached XP level 1. HP: 19/19 MP: 1/1
    68 | D:1      | Reached XP level 2. HP: 22/26 MP: 2/2
   246 | D:1      | Reached XP level 3. HP: 10/33 MP: 3/3
   898 | D:2      | Noticed Jessica
   905 | D:2      | Killed Jessica
   906 | D:2      | Reached XP level 4. HP: 38/40 MP: 4/4
  1252 | D:2      | Learned a level 3 spell: Frozen Ramparts
  1866 | D:3      | Noticed Sigmund
  1892 | D:4      | Noticed an ogre
  1901 | D:4      | Killed an ogre
  1902 | D:4      | Reached skill level 1 in Ice Magic
  1902 | D:4      | Reached XP level 5. HP: 47/47 MP: 5/5
  2071 | D:4      | Reached XP level 6. HP: 35/53 MP: 6/6
  2185 | D:4      | Noticed Blork the orc
  2363 | D:3      | Found Jaiv's Book Shoppe.
  2366 | D:3      | Noticed Natasha
  2398 | D:3      | Killed Natasha
  2686 | D:3      | Noticed Natasha
  2698 | D:3      | Killed Natasha
  2756 | D:3      | Killed Sigmund
  2757 | D:3      | Reached skill level 5 in Fighting
  2757 | D:3      | Reached skill level 5 in Shields
  2757 | D:3      | Reached skill level 1 in Spellcasting
  2757 | D:3      | Reached XP level 7. HP: 6/61 MP: 7/9
  3005 | D:3      | Found a faded altar of an unknown god.
  3122 | D:3      | Reached skill level 5 in Maces & Flails
  3149 | D:3      | Noticed Natasha
  3156 | D:3      | Killed Natasha
  3192 | D:3      | Prayed at the altar of an unknown god.
  3192 | D:3      | Became a worshipper of Qazlal Stormbringer
  3192 | D:3      | Reached * piety under Qazlal
  3568 | D:4      | Killed Blork the orc
  3569 | D:4      | Reached skill level 1 in Invocations
  4068 | D:5      | Entered Level 5 of the Dungeon
  4108 | D:5      | Found Tarotog's Distillery.
  4147 | D:5      | Reached skill level 2 in Invocations
  4147 | D:5      | Reached XP level 8. HP: 33/70 MP: 11/11
  4149 | D:5      | Bought a potion of heal wounds for 75 gold pieces
  4149 | D:5      | Bought a potion of magic for 120 gold pieces
  4357 | D:5      | Reached ** piety under Qazlal
  4512 | D:5      | Found Xufiwub's Antique Armour Emporium.
  4522 | D:5      | Found Ginoer's Antique Armour Boutique.
  4558 | D:5      | Found Noypnudeuc's Antique Weapon Shoppe.
  4664 | D:5      | Found Fopamox's Assorted Antiques.
  4678 | D:5      | Bought a scroll labelled CABROV OWUEH for 18 gold pieces
  5196 | D:6      | Reached skill level 3 in Invocations
  5289 | D:6      | Found a staircase to the Ecumenical Temple.
  5501 | D:6      | Got the Handbook of the Entrancing Brume
  5715 | D:6      | Noticed Edmund
  5723 | D:6      | Killed Edmund
  5724 | D:6      | Reached skill level 5 in Armour
  5946 | D:6      | Noticed an animated storm dragon scales
  5948 | D:6      | Found Xocoaceq's Armour Boutique.
  5951 | D:6      | Noticed an animated shadow dragon scales
  5960 | D:6      | Identified the +1 ring mail of the Northern Lights {rElec
                  | Dex+4}
  6316 | D:7      | Reached skill level 4 in Invocations
  6334 | D:7      | Reached XP level 9. HP: 78/78 MP: 13/13
  6694 | D:7      | Reached skill level 5 in Invocations
  7083 | D:8      | Identified the amulet of Charity {Reflect rPois Will+ SH+5}
  7333 | D:8      | Reached *** piety under Qazlal
  7334 | D:8      | Reached skill level 6 in Invocations
  7392 | D:8      | Reached XP level 10. HP: 66/86 MP: 16/16
  7421 | D:8      | Reached skill level 5 in Ice Magic
  7529 | D:8      | Noticed Prince Ribbit
  7565 | D:8      | Killed Prince Ribbit
  7833 | D:8      | Found an ancient bone altar of Kikubaaqudgha.
  8407 | D:9      | Found an ornate altar of the Wu Jian Council.
  8470 | D:9      | Reached skill level 7 in Invocations
  8768 | D:9      | Found a staircase to the Lair.
  8822 | D:9      | Found a glowing silver altar of Zin.
  8914 | D:9      | Found an opulent altar of Gozag.
  8914 | D:9      | You fall into a shaft and drop 1 floor!
  8914 | D:10     | Entered Level 10 of the Dungeon
  8914 | D:10     | Found a burning altar of Makhleb.
  8995 | D:10     | Reached skill level 5 in Spellcasting
  8995 | D:10     | Found a bloodstained altar of Trog.
  9137 | D:10     | Found a staircase to the Orcish Mines.
  9160 | D:10     | Reached **** piety under Qazlal
  9206 | D:10     | Noticed a centaur warrior
  9213 | D:10     | Killed a centaur warrior
  9573 | D:9      | Found a blossoming altar of Fedhas.
  9672 | D:9      | Reached skill level 8 in Invocations
 10375 | D:5      | Bought a transparent scale mail for 243 gold pieces
 10375 | D:5      | Identified the +1 scale mail "Zyfa" {Harm Dex+2 Slay+2}
                  | (You bought it in a shop on level 5 of the Dungeon)
 10496 | D:11     | Noticed a boulder beetle
 10500 | D:11     | Reached XP level 11. HP: 92/95 MP: 19/19
 10525 | D:11     | Killed a boulder beetle
 10726 | D:11     | Noticed a boulder beetle
 10744 | D:11     | Noticed a two-headed ogre
 10758 | D:11     | Killed a two-headed ogre
 10774 | D:11     | Killed a boulder beetle
 10858 | D:11     | Reached XP level 12. HP: 104/104 MP: 20/20
 10859 | D:11     | Reached skill level 13 in Invocations
 10859 | D:11     | Reached XP level 13. HP: 111/111 MP: 20/23
 11490 | D:11     | Found Aguosoc's Island Escapes.
 12214 | D:5      | Bought a faintly humming scale mail for 207 gold pieces
 12214 | D:5      | Identified the +1 scale mail "Ciq Bat" {*Slow rPois Str+4
                  | Stlth+} (You bought it in a shop on level 5 of the Dungeon)
 12431 | D:12     | Noticed Azrael
 12440 | D:12     | Killed Azrael
 12793 | D:12     | Reached skill level 14 in Invocations
 12817 | D:12     | Found a flickering gateway to a bazaar.
 12954 | D:12     | Found the +12 glaive of Prune {freeze, Prune}
 13060 | D:12     | Reached skill level 10 in Fighting
 13373 | Bazaar   | Entered a bazaar
 13378 | Bazaar   | Found Muori's Armour Emporium.
 13379 | Bazaar   | Found Fomar's Weapon Shop.
 13416 | Bazaar   | Found Puic's General Store.
 13424 | Bazaar   | Found Xableino's Book Boutique.
 13477 | Bazaar   | Bought a scroll of blinking for 82 gold pieces
 13477 | Bazaar   | Bought a scroll of enchant armour for 82 gold pieces
 13532 | Bazaar   | Bought a potion of enlightenment for 55 gold pieces
 13610 | D:13     | Found a transporter.
 13614 | D:13     | Found a roughly hewn altar of Beogh.
 13614 | D:13     | Found a transporter.
 13614 | D:13     | Noticed an orc warlord
 13694 | D:13     | Noticed Jorgrun
 13714 | D:13     | Killed Jorgrun
 13799 | D:13     | Identified the +1 plate armour "Cybeec" {+Inv Regen+ Int+4
                  | Stlth-}
 14391 | D:13     | Reached XP level 14. HP: 116/122 MP: 21/25
 14395 | D:13     | Learned a level 3 spell: Mephitic Cloud
 15140 | D:14     | Reached skill level 1 in Air Magic
 15140 | D:14     | Reached skill level 1 in Alchemy
 15312 | D:14     | Reached skill level 15 in Invocations
 15553 | D:14     | Found Ecuczovy's Blood Bar.
 15577 | D:14     | Found a gate to the Vaults.
 16452 | D:15     | Entered Level 15 of the Dungeon
 16991 | D:15     | Found a broken altar of Ashenzari.
 17421 | D:15     | Found a staircase to the Depths.
 18146 | D:5      | Bought a transparent ring mail for 207 gold pieces
 18146 | D:5      | Identified the +5 ring mail "Karainunka" {rPois rC- Dex+2}
                  | (You bought it in a shop on level 5 of the Dungeon)
 18264 | Orc:1    | Entered Level 1 of the Orcish Mines
 18427 | Orc:1    | Found a runed translucent gate.
 18429 | Orc:1    | Found a runed translucent gate.
 18430 | Orc:1    | Found a runed translucent gate.
 18433 | Orc:1    | Noticed Myschoimp's ghost (journeyman DgFE)
 18557 | Orc:2    | Entered Level 2 of the Orcish Mines
 18760 | Orc:2    | Noticed an orc warlord
 18826 | Lair:1   | Entered Level 1 of the Lair of Beasts
 18974 | Lair:1   | Noticed Grum
 18995 | Lair:1   | Killed Grum
 18996 | Lair:1   | Reached skill level 16 in Invocations
 19635 | Lair:1   | Reached XP level 15. HP: 128/132 MP: 23/27
 19995 | Lair:2   | Found a staircase to the Snake Pit.
 20013 | Lair:3   | Noticed Fannar
 20013 | Lair:3   | Noticed Amaemon
 20101 | Lair:4   | Identified the staff "Takhluts" {rC+ rN+ Dex+2 Necro}
 20296 | Lair:5   | Entered Level 5 of the Lair of Beasts
 20408 | Lair:5   | Noticed Urug
 20466 | Lair:5   | Killed Urug
 20929 | Lair:4   | Found a viscous altar of Jiyva.
 20929 | Lair:4   | Found a staircase to the Slime Pits.
 21399 | Lair:4   | Reached skill level 5 in Alchemy
 21474 | Lair:5   | Demolished by a skyshark

Illustrated notes

Levels and vault maps discovered:
D:1:      dpeg_arrival_boxorama, layout_rooms, chequers_serial_rivers_small_3
D:2:      layout_loops_ring, supply_closet_lemuel, minmay_puff, uniq_jessica
D:3:      layout_loops_ring, serial_shops, nicolae_book_shop_shelving,
          shapermc_ecumenical_altar_gd, uniq_natasha, uniq_sigmund
D:4:      wad_river_or_something, layout_basic, uniq_blork_the_orc
D:5:      layout_cave_pools, serial_shops, shop,
          nicolae_shop_temple_entry_statues_fountains, shop, nicolae_shop_trees,
          nicolae_shop_tiny_statue_garden
D:6:      layout_basic, minmay_temple_entry_mini_moons, serial_shops,
          nicolae_shop_mannequins, uniq_edmund
D:7:      layout_loops_corners
D:8:      cheibrodos_steamvent, layout_cave_pods,
          mainiacjoe_overflow_cross_hatched, chequers_decorated_corner,
          uniq_prince_ribbit1
D:9:      layout_gridville, nicolae_wu_jian_wuxing_cycle,
          mainiacjoe_overflow_chevrons, nicolae_overflow_hidden_temple,
          erik_lair_orcish_takeover, chequers_mini_garden
D:10:     layout_cave_pools, bloody_makhleb, overflow_temple_1_default,
          david_orc_2, minmay_misc_feat_encased
D:11:     kennysheep_seaside_town, layout_irregular_city, nicolae_island_escapes
D:12:     layout_rooms, serial_shops, freezing_bzr, minmay_guarded_unrand_prune,
          uniq_azrael
D:13:     gammafunk_beogh_shrine, layout_basic, uniq_jorgrun
D:14:     layout_grid_maze, lightli_vaults_fourway_checkpoint, nrook_campfire,
          drop_trap, guppyfry_shop_blood
D:15:     hangedman_depths_entry_civil_slaughter, layout_loops_ring,
          ashenzari_conservatory_becter
Lair:1:   layout_regular_city, nicolae_lair_run_with_the_wolves, uniq_grum
Lair:2:   nzn_winding_woodlands_cross [nzn_winding_woodlands_5x15_crooked,
          nzn_winding_woodlands_5x15_pockets,
          nzn_winding_woodlands_5x15_sidewinder,
          nzn_winding_woodlands_5x15_lazy_stream,
          nzn_winding_woodlands_15x15_boxy_spiral], layout_cave_pods,
          lemuel_old_faithful
Lair:3:   layout_cave_pods, shoals_dummy_entry, infiniplex_staircase_pool,
          grunt_megastairs_4, uniq_fannar, uniq_amaemon
Lair:4:   layout_cave_pods, dpeg_slime_entry_enclosed
Lair:5:   minmay_lair_end_frog_pond, layout_cave_pods,
          dreamdust_deal_with_the_devil, uniq_urug
Orc:1:    layout_caves, ebering_ghost_rock_garden
Orc:2:    grunt_orc_cross, layout_caves

Skill      XL: |  1  2  3  4  5  6  7  8  9 10 11 12 13 14 15 |
---------------+----------------------------------------------+-----
Maces & Flails | 3 4 5 6 7 9 13 | 13.8
Fighting       | 4 5 6 7 8 9 10 11 12 | 12.5
Shields        | 4 5 6 |  6.2
Armour         | 4 5 6 8 9 |  9.6
Ice Magic      | 1 2 3 4 6 7 |  7.7
Spellcasting   | 1 2 3 4 5 7 8 9 |  9.0
Invocations    | 2 4 6 8 13 14 16 | 16.6
Air Magic      | 3 4 |  4.7
Alchemy        | 4 5 |  5.1

Action                     |  1- 3 |  4- 6 |  7- 9 | 10-12 | 13-15 || total
---------------------------+-------+-------+-------+-------+-------++-------
  Melee: Flail             |    51 |       |       |       |       ||    51
         Dagger            |    62 |    42 |   591 |   182 |       ||   877
         Whip              |       |   179 |       |   247 |  1286 ||  1712
  Throw: Dart              |       |     8 |       |       |       ||     8
         Throwing net      |       |       |       |       |     6 ||     6
         Javelin           |       |       |       |       |     1 ||     1
   Cast: Frozen Ramparts   |       |       |       |       |     5 ||     5
 Invoke: Upheaval          |       |       |       |     2 |    46 ||    48
         Elemental Force   |       |       |       |       |     1 ||     1
  Evoke: Wand              |       |       |     3 |     5 |    16 ||    24
    Use: Potion            |     2 |     8 |     2 |     4 |    13 ||    29
         Scroll            |     2 |     2 |     6 |     6 |    21 ||    37
   Stab: Distracted        |     1 |       |       |       |       ||     1
         Petrified         |       |       |       |       |     4 ||     4
         Held in net/web   |       |       |       |       |     2 ||     2
         Invisible         |       |       |       |       |     4 ||     4
 Armour: Scale mail        |    49 |       |       |       |       ||    49
         Leather armour    |    23 |   153 |   146 |       |       ||   322
         Skin              |     9 |     5 |       |       |       ||    14
         Chain mail        |       |       |   196 |   293 |   777 ||  1266
  Dodge: Dodged            |    70 |   100 |   169 |   117 |   234 ||   690
  Block: Buckler           |    27 |    50 |   200 |   304 |   665 ||  1246
         Reflection        |       |       |       |    14 |    25 ||    39

Table legend: (Time is in decaauts)
 A = Elapsed time spent in this place.
 B = Non-inter-level travel time spent in this place.
 C = Inter-level travel time spent in this place.
 D = Time resting spent in this place.
 E = Time spent auto-exploring this place.
 F = Levels seen in this place.
 G = Mean time per level.
                   A        B        C        D        E       F      G
               +--------+--------+--------+--------+--------+-----+--------+
         Total |  20817 |  19432 |   1385 |   1489 |  13039 |  23 |  905.1 |
       Dungeon |  17751 |  16462 |   1289 |   1335 |  11484 |  15 | 1183.4 |
          Lair |   2390 |   2308 |     82 |    153 |   1091 |   5 |  478.0 |
  Orcish Mines |    490 |    477 |     13 |      0 |    377 |   2 |  245.0 |
        Bazaar |    184 |    184 |      0 |      0 |     87 |   1 |  184.0 |
               +--------+--------+--------+--------+--------+-----+--------+

Top non-repeatable levels by time:
    D:11: 1855 daAuts
    D:14: 1746 daAuts
    D:15: 1438 daAuts
     D:7: 1411 daAuts
     D:8: 1381 daAuts
     D:3: 1348 daAuts
     D:9: 1328 daAuts
     D:4: 1122 daAuts
     D:6: 1101 daAuts
  Lair:1: 1066 daAuts
    D:13: 1028 daAuts
     D:2: 953 daAuts
     D:5: 894 daAuts
  Lair:4: 816 daAuts
    D:10: 749 daAuts
